 Dungeon Crawl Stone Soup version 0.28-a0-828-g0121872642 (webtiles) character file.

Game seed: 3278052664597983366

184 spiderkeys the Skirmisher (level 5, -1/33 HPs)
             Began as a Tengu Abyssal Knight on Nov 11, 2021.
             Was a Follower of Lugonu.
             Slain by an orc (7 damage)
             ... on level 3 of the Dungeon.
             The game lasted 00:02:25 (2427 turns).

spiderkeys the Skirmisher (Tengu Abyssal Knight)    Turns: 2427, Time: 00:02:26

Health: -1/33      AC:  3    Str: 14    XL:     5   Next: 64%
Magic:  7/7        EV: 14    Int: 11    God:    Lugonu [*.....]
Gold:   86         SH:  0    Dex: 14    Spells: 4/4 levels left

rFire   . . .      SeeInvis .   a - +1 spear
rCold   . . .      Faith    .   (no shield)
rNeg    . . .      Spirit   .   b - +0 leather armour
rPois   .          Reflect  .   (helmet restricted)
rElec   .          Harm     .   (no cloak)
rCorr   .          Rampage  .   (no gloves)
Will    .....                   (boots unavailable)
Stlth   +.........              (no amulet)
HPRegen 0.11/turn               (no ring)
MPRegen 0.10/turn               (no ring)

@: flying quickly and evasively, quick
A: beak, talons 3, nimble flight
a: Renounce Religion, Depart the Abyss


You were on level 3 of the Dungeon.
You worshipped Lugonu.
Lugonu was aware of your devotion.
You visited 1 branch of the dungeon, and saw 3 of its levels.
You visited the Abyss 1 time.

You collected 86 gold pieces.


Innate Abilities, Weirdness & Mutations

You have a beak for a mouth.
You have claws for feet.
Your magical nature lets you fly swiftly and evasively.


   Skills:
 + Level 3.8 Fighting
 + Level 3.3 Polearms
 + Level 3.3 Armour
 + Level 2.6 Dodging
 + Level 2.5 Invocations


You had 4 spell levels left.
You didn't know any spells.
Your spell library was empty.

Inventory:

Hand Weapons
 a - a +1 spear (weapon)
Missiles
 e - 37 stones
 f - 20 arrows
Armour
 b - a +0 leather armour (worn)
 c - a scarf of resistance
   (You found it on level 1 of the Abyss)
 g - a scarf of invisibility
   (You found it on level 2 of the Dungeon)
Scrolls
 i - 3 scrolls of vulnerability {!r!r}
 j - a scroll of identify {@r1}
Potions
 d - 2 potions of degeneration {!q}
 h - a potion of brilliance {unknown}
 k - a potion of flight {unknown}

Dungeon Overview and Level Annotations

Branches:
Dungeon (3/15)

Altars:

Shops:
D:1 !( D:2

[ ### ... #.# #.# #.#
##########o######..
###........))@).....#
..#.####.##########..
#.#.# #.# #.#.####.##
#.#.......#######
#.#..####........
####.#.## #########
#......# #.######


You could see an orc.


Message History

The ogre shouts!
An ogre is nearby!
An ogre is nearby!
An ogre is nearby!
No target in view!
No target in view!
Okay, then.
You aren't carrying any items that you can evoke.
Okay, then.
There's nothing to open nearby.
You reach to attack!
You hit the ogre. You hit the ogre. Your kick misses the ogre.
The ogre barely misses you.
You closely miss the ogre. Your kick misses the ogre. You peck the ogre.
The ogre misses you.
You hit the ogre but do no damage. You claw the ogre.
The ogre barely misses you.
You closely miss the ogre. You hit the ogre. Your kick misses the ogre.
You peck the ogre. The ogre barely misses you.
You hit the ogre. The ogre closely misses you.
You hit the ogre.
The ogre hits you with a +0 giant spiked club!!
Ouch! That really hurt!
* * * LOW HITPOINT WARNING * * *
😨 HP[-18]
You take 18 damage, and now have 10/28 hp.
MASSIVE DAMAGE!! (PAUSE)
You hit the ogre. You hit the ogre. You claw the ogre.
You kill the ogre!
Lugonu accepts your kill.
Your Polearms skill increases to level 3!
Your Armour skill increases to level 3!
You have reached level 5!
Your magical nature develops, letting you fly swiftly and evasively. 😨 HP[+2] MP[+1]
You now have 33 max hp (+5).
You regained 2 hp, and now have 12/33 hp.
Your mp is fully restored (7).
Key pressed, stopping explore.
Key pressed, stopping explore.
Key pressed, stopping explore.
Key pressed, stopping explore.
Key pressed, stopping explore.
Key pressed, stopping explore.
Key pressed, stopping explore.
An orc comes into view. It is wielding a +0 short sword.
The orc shouts! 😎 HP[+21]
Your hp is fully restored (33).
The orc shouts!
You hear a shout! x2
The orc zaps a wand.
The mass of ice explodes!
The iceblast engulfs the orc!
The orc dies!
The iceblast engulfs you.
You hear a shout!
Things that are here:
a +0 short sword; a +0 leather armour; 9 gold pieces 😕 HP[-5]
You take 5 damage, and now have 28/33 hp.
You hit the orc. You peck the orc, but do no damage.
The orc zaps a wand.
The mass of ice explodes!
The iceblast engulfs you!
The iceblast engulfs the orc!
The orc dies! 😮 HP[-7]
You take 7 damage, and now have 21/33 hp.
MASSIVE DAMAGE!! (PAUSE)
Items here: ) / ? [.
The orc priest begins to cast a cantrip, but forgets the words!
You hit the orc priest.
The orc priest invokes the aid of Beogh against you.
Beogh smites you!
* * * LOW HITPOINT WARNING * * *
😨 HP[-11]
You take 11 damage, and now have 10/33 hp.
MASSIVE DAMAGE!! (PAUSE)
You barely miss the orc priest. You peck the orc priest.
The orc closely misses you. The orc priest closely misses you.
You hit the orc priest. Your peck misses the orc priest.
The orc closely misses you.
You hit the orc priest.
You kill the orc priest!
Lugonu accepts your kill. The orc hits you with a +0 hand axe.
* * * LOW HITPOINT WARNING * * *
😱 HP[-2]
You take 2 damage, and now have 8/33 hp.
You hit the orc. You claw the orc, but do no damage. You peck the orc.
The orc closely misses you. The orc hits you with a +0 hand axe.
* * * LOW HITPOINT WARNING * * *
😱 HP[-2]
You take 2 damage, and now have 6/33 hp.
You closely miss the orc. Your kick misses the orc.
The orc completely misses you. The orc closely misses you.
You hit the orc.
You kill the orc!
Lugonu accepts your kill. The orc hits you with a +0 hand axe!
You die...

Skill      XL: |  1  2  3  4 |
---------------+-------------+-----
Invocations    | 2 |  2.5
Dodging        | 2 |  2.6
Polearms       | 3 |  3.3
Armour         | 3 |  3.3
Fighting       | |  3.8

Action                   |  1- 3 |  4- 6 || total
-------------------------+-------+-------++-------
Melee: Spear             |    92 |    21 ||   113
       Kick              |    21 |     4 ||    25
       Peck              |    10 |     5 ||    15
Invok: Depart the Abyss  |     1 |       ||     1
  Use: Scroll            |     2 |       ||     2
 Stab: Sleeping          |     1 |       ||     1
Armor: Leather armour    |    11 |       ||    11
Dodge: Dodged            |    26 |    11 ||    37

Levels and vault maps discovered:
D:1:      co_arrival_square_in_a_square_in_a_square, layout_basic,
          ebering_ecumenical_altar_rust, serial_shops, shop,
          nicolae_diamond_shop, hex_intersection
D:2:      layout_rooms, serial_shops, nicolae_square_shop,
          minmay_misc_feat_four_crosses
D:3:      layout_loops_ring, amethyst_overflow_temple_binary,
          chequers_big_river, fountainhead, patterned_corridor

Notes
Turn   | Place    | Note
-------+----------+-------------------------------------------
     0 | Abyss:1  | spiderkeys the Tengu Abyssal Knight began the quest for the
                  | Orb.
     0 | Abyss:1  | Reached XP level 1. HP: 14/14 MP: 3/3
     0 | Abyss:1  | magus.rc [v1.9.10]
   153 | Abyss:1  | Found a corrupted altar of Lugonu.
   219 | Abyss:1  | Found a corrupted altar of Lugonu.
   269 | Abyss:1  | Found a corrupted altar of Lugonu.
   284 | D:1      | You pass through the gate.
   284 | D:1      | Escaped the Abyss
   427 | D:1      | Reached XP level 2. HP: 19/19 MP: 4/4
   513 | D:1      | Reached * piety under Lugonu
   564 | D:1      | Found a faded altar of an unknown god.
   617 | D:1      | Found Vihoruum's Antique Weapon Shop.
   858 | D:1      | Reached XP level 3. HP: 23/23 MP: 5/5
  1026 | D:1      | Found Yxikh's Distillery.
  1109 | D:2      | Found Nobleradgh's Armour Shop.
  1234 | D:2      | Reached skill level 2 in Invocations
  1784 | D:3      | Reached skill level 2 in Dodging
  1784 | D:3      | Reached XP level 4. HP: 7/28 MP: 6/6
  1798 | D:3      | HP: 6/28 [quokka (2)]
  2125 | D:3      | Noticed an ogre
  2138 | D:3      | Killed an ogre
  2139 | D:3      | Reached skill level 3 in Polearms
  2139 | D:3      | Reached skill level 3 in Armour
  2139 | D:3      | Gained mutation: Your magical nature lets you fly swiftly
                  | and evasively. [Tengu growth]
  2139 | D:3      | Reached XP level 5. HP: 12/33 MP: 7/7
  2424 | D:3      | HP: 8/33 [orc (2)]
  2427 | D:3      | Slain by an orc

Vanquished Creatures
  An ogre (D:3)
  An orc priest (D:3)
  An iguana (D:3)
  3 orcs
  3 endoplasms
  2 giant cockroaches
  7 goblins
  6 hobgoblins
  3 kobolds (D:1)
  A quokka (D:3)
  4 ball pythons (D:1)
  4 bats
  2 frilled lizards (D:1)
  3 rats
41 creatures vanquished.

Vanquished Creatures (others)
  2 orcs (D:3)
  4 plants (D:3)
6 creatures vanquished.

Grand Total: 47 creatures vanquished

Table legend:
 A = Non-vault XP
 B = Vault XP
 C = Vault XP percentage of total XP
 D = Non-vault monster count
 E = Vault monster count
 F = Vault count percentage of total count
                 A         B        C        D         E       F
            +---------+---------+-------+---------+---------+-------
      Total |     267 |       0 |   0.0 |      42 |       0 |   0.0
            +---------+---------+-------+---------+---------+-------
        D:1 |      38 |       0 |   0.0 |      22 |       0 |   0.0
        D:2 |      12 |       0 |   0.0 |       7 |       0 |   0.0
        D:3 |     217 |       0 |   0.0 |      13 |       0 |   0.0
            +---------+---------+-------+---------+---------+-------

Illustrated notes

Table legend:
 A = Kills in this place as a percentage of kills in entire the game.
 B = Kills by you in this place as a percentage of kills by you in the entire game.
 C = Kills by friends in this place as a percentage of kills by friends in the entire game.
 D = Other kills in this place as a percentage of other kills in the entire game.
 E = Experience gained in this place as a percentage of experience gained in the entire game.
 F = Experience gained in this place divided by the number of levels of this place that you have seen.
                   A       B       C       D       E      F
               +-------+-------+-------+-------+-------+----------------------
         Total | 100.0 | 100.0 |   N/A | 100.0 | 100.0 |  66.8
       Dungeon | 100.0 | 100.0 |   N/A | 100.0 | 100.0 |  89.0
               +-------+-------+-------+-------+-------+----------------------

Table legend: (Time is in decaauts)
 A = Elapsed time spent in this place.
 B = Non-inter-level travel time spent in this place.
 C = Inter-level travel time spent in this place.
 D = Time resting spent in this place.
 E = Time spent auto-exploring this place.
 F = Levels seen in this place.
 G = Mean time per level.
                   A        B        C        D        E       F      G
               +--------+--------+--------+--------+--------+-----+--------+
         Total |   2418 |   2368 |     50 |    187 |   1914 |   4 |  604.5 |
       Dungeon |   2134 |   2084 |     50 |    187 |   1632 |   3 |  711.3 |
         Abyss |    284 |    284 |      0 |      0 |    282 |   1 |  284.0 |
               +--------+--------+--------+--------+--------+-----+--------+

Top non-repeatable levels by time:
     D:1: 803 daAuts
     D:3: 722 daAuts
     D:2: 607 daAuts
 Abyss:1: 284 daAuts
